 Dungeon Crawl Stone Soup version bcrawl-1.40.3b (webtiles) character file.

Game seed: 13918401141236694434

237515 Amelense the Ruffian (level 4, -5/44 HPs)
             Began as a Troll Martial Artist on Feb 8, 2024.
             Was a Believer of Wu Jian.
             Shot with an arrow by a centaur (14 damage)
             ... on level 3 of the Dungeon.
             The game lasted 00:02:29 (707 turns).

Amelense the Ruffian (Troll Martial Artist)          Turns: 707, Time: 00:02:29

Health: -5/44      AC:  5    Str: 21    XL:     4   Next: 49%
Magic:  4/4        EV: 10    Int:  6    God:    Wu Jian [**....]
Gold:   29         SH:  0    Dex: 12    Spells: 4/5 levels left

rFire    . . .     GDR:     28%   - Claws (19.3)
rCold    . . .     SeeInvis .   (no shield)
rNeg     . . .     Gourm    +   (armour unavailable)
rPois    .         Faith    .   (helmet restricted)
rElec    .         Spirit   .   (no cloak)
rCorr    .         Reflect  .   (gloves unavailable)
MR       .....                  (boots unavailable)
Stlth    +.........             (no amulet)
HPRegen  0.57/turn              (no ring)
MPRegen  0.09/turn              (no ring)

@: lethally poisoned (-5 -> -5)
A: large, almost no armour, claws 3, fast metabolism 3, gourmand, regeneration
1, AC +5
a: Wall Jump, Serpent's Lash, Renounce Religion


You were on level 3 of the Dungeon.
You worshipped Wu Jian.
Wu Jian was pleased with you.
You were completely stuffed.

You visited 1 branch of the dungeon, and saw 3 of its levels.

You collected 29 gold pieces.

Inventory:

Scrolls
 b - 2 scrolls of enchant weapon {unknown}
 c - 4 scrolls of teleportation {unknown}
 i - 2 scrolls of identify
Potions
 a - a potion of agility
 f - 2 potions of curing {unknown}
 g - a potion of might {unknown}
 h - a potion of haste {unknown}
Comestibles
 e - 2 rations {!d}


   Skills:
 + Level 2.8 Fighting
 + Level 3.0 Dodging
 + Level 0.5 Stealth
 + Level 5.2 Unarmed Combat
 + Level 1.0 Spellcasting
 + Level 1.0 Hexes


You had 4 spell levels left.
You knew the following spells:

 Your Spells              Type           Power        Failure   Level  Hunger
a - Confusing Touch       Hex            #.......     30%         1    None
Your spell library was empty.

Dungeon Overview and Level Annotations

Branches:
Dungeon (3/12)

Altars:


Innate Abilities, Weirdness & Mutations

You cannot wear most types of armour.
Your thick skin is tough. (AC +5)
You are too large for most types of armour.
You have claws for hands.
Your metabolism is lightning-fast.
You like to eat raw meat.
Your natural rate of healing is unusually fast.


Message History

The adder is heavily wounded.
The adder bites you.
You are poisoned.
The adder poisons you!
You see here 3 gold pieces.
You spin and attack the ogre.
You mangle the ogre!!
The ogre is severely wounded.
You spin and attack the adder repeatedly.
You claw the adder!
You kill the adder!
The Council accepts your kill.
You feel sick. The ogre hits you with a +0 giant club!
The centaur shoots an arrow.
The arrow hits you!
* * * LOW HITPOINT WARNING * * *
Your Dodging skill increases to level 3!
A rat comes into view.
You feel sick.
A frilled lizard comes into view.
The centaur shoots an arrow.
The arrow hits you!
You die...

........### ..#...##
.......... ##.#....#
........ .......#
rl....# #......###
#K...# #........##
#.c..######.........#
#hO†S#............<#
#.$.@.......÷....#
#....#..<......>.#
#....#.........###
#....#.......#.....
#....#..............
####.####............
... ..............
..................
...............


You could see an ogre, a centaur, a hound, an adder, a kobold, a frilled lizard
and a rat.

Vanquished Creatures
  An orc wizard (D:2)
  Jessica (D:2)
  An adder (D:3)
  2 worms (D:2)
  2 leopard geckos
  A bat (D:2)
  A giant cockroach (D:2)
  6 hobgoblins (D:2)
  4 jackals (D:2)
  4 kobolds (D:2)
  A quokka (D:2)
  A ball python (D:2)
  2 goblins (D:2)
  3 rats
30 creatures vanquished.

Notes
Turn   | Place    | Note
-------+----------+-------------------------------------------
     0 | D:1      | Amelense the Troll Martial Artist began the quest for the
                  | Orb.
     0 | D:1      | Reached XP level 1. HP: 22/22 MP: 1/1
    90 | D:2      | Noticed Jessica
   101 | D:2      | Killed Jessica
   102 | D:2      | Reached XP level 2. HP: 21/29 MP: 2/2
   104 | D:2      | Reached XP level 3. HP: 26/36 MP: 3/3
   317 | D:2      | Reached skill level 5 in Unarmed Combat
   317 | D:2      | Gained mutation: Your natural rate of healing is unusually
                  | fast. [Troll growth]
   317 | D:2      | Reached XP level 4. HP: 36/44 MP: 4/4
   444 | D:2      | Reached ** piety under Wu Jian
   701 | D:3      | Noticed an ogre
   702 | D:3      | Noticed a centaur
   707 | D:3      | Shot with an arrow by a centaur

Skill      XL: |  1  2  3  4 |
---------------+-------------+-----
Unarmed Combat | 5 |  5.2
Dodging        | 3 |  3.0
Fighting       | |  2.8
Stealth        | |  0.5
Spellcasting   | |  1.0
Hexes          | |  1.0

Action                   |  1- 3 |  4- 6 || total
-------------------------+-------+-------++-------
Melee: Unarmed           |    36 |    36 ||    72
       Punch             |       |     1 ||     1
 Abil: Whirlwind         |    17 |    23 ||    40
       Lunge             |     4 |     4 ||     8
 Stab: Sleeping          |     1 |       ||     1
  Eat: Chunk             |     8 |     3 ||    11
Armor: Skin              |     5 |     8 ||    13
Dodge: Dodged            |     7 |    10 ||    17
